 Dungeon Crawl Stone Soup version 0.25.0-10-g039870ee82 (webtiles) character file.

Game seed: 14352384594493604063

1913 shadizar the Insei (level 9, -1/73 HPs)
             Began as an Octopode Transmuter on June 23, 2020.
             Was a Believer of Okawaru.
             Slain by a goblin
             ... wielding a +0 war axe
              (8 damage)
             ... in a bailey.
             The game lasted 00:17:53 (7724 turns).

shadizar the Insei (Octopode Transmuter)            Turns: 7724, Time: 00:17:54

Health: -1/73      AC:  5    Str: 10    XL:     9   Next: 16%
Magic:  0/12       EV: 16    Int: 21    God:    Okawaru [**....]
Gold:   361        SH:  0    Dex: 15    Spells: 4/12 levels left

rFire    x . .     SeeInvis .     - Unarmed
rCold    + + +     Gourm    .   (shield currently unavailable)
rNeg     . . .     Faith    .   (helmet currently unavailable)
rPois    +         Spirit   +   i - amulet of guardian spirit
rElec    .         Reflect  .   l - ring of flight
rCorr    .         Harm     .   n - ring of wizardry
MR       .....                  o - +6 ring of intelligence
Stlth    +++++.....             (no ring)
HPRegen  0.22/turn              (no ring)
MPRegen  0.13/turn              (no ring)
                                (no ring)
                                (no ring)

@: ice-form, heroism, marked, hasted, very quick
A: large, almost no armour, stealthy swim, amphibious, 8 rings, (constrict 8)
a: End Transformation, Heroism, Renounce Religion, Evoke Flight


You were in a bailey.
You worshipped Okawaru.
Okawaru was pleased with you.
You were hungry.
You were a creature of crystalline ice.
You visited 2 branches of the dungeon, and saw 9 of its levels.
You also visited: Sewer and Bailey.

You collected 361 gold pieces.

Inventory:

Missiles
 a - 56 arrows
Armour
 t - a +1 buckler (melded)
Magical Staves
 v - a cursed staff of earth {unknown}
Jewellery
 i - an amulet of guardian spirit (around neck)
 l - a ring of flight (left front paw)
 n - a ring of wizardry (right front paw)
 o - a +6 ring of intelligence (on tentacle)
 q - an uncursed ring of ice
Wands
 p - a wand of random effects (11)
Scrolls
 b - 4 scrolls of remove curse
 g - a scroll of magic mapping
 r - 4 scrolls of teleportation
Potions
 d - a potion of heal wounds
 e - 2 potions of ambrosia {unknown}
 f - a potion of lignification {unknown}
 h - a potion of mutation {unknown}
 j - a potion of invisibility {unknown}
 k - a potion of stabbing {unknown}
 m - a potion of magic {unknown}
 s - 2 potions of cancellation
 u - 2 potions of berserk rage {unknown}
 w - 2 potions of curing
 x - 2 potions of haste
 z - 2 potions of might {unknown}
 A - 2 potions of flight {unknown}
Comestibles
 c - 18 rations


   Skills:
 + Level 5.2(10.2) Fighting
 + Level 4.5(9.5) Dodging
 + Level 5.5(10.5) Stealth
 - Level 4.1(9.1) Shields
 + Level 6.8(11.8) Unarmed Combat
 - Level 2.0 Spellcasting
 - Level 2.0 Transmutations
 * Level 0.2 Ice Magic
 - Level 3.4 Poison Magic
 - Level 2.1 Invocations


You had 4 spell levels left.
You knew the following spells:

 Your Spells              Type           Power        Failure   Level  Hunger
a - Beastly Appendage     Tmut           ##....       2%          1    #......
b - Spider Form           Tmut/Pois      ##........   6%          3    ###....
c - Ice Form              Ice/Tmut       #.......     34%         4    #####..

Your spell library contained the following spells:

 Spells                   Type           Power        Failure   Level  Hunger
 Sticks to Snakes         Tmut           ##......     4%          2    ##.....
 Blade Hands              Tmut           ##........   54%         5    ######.


Dungeon Overview and Level Annotations

Branches:
Dungeon (8/15)             Temple (1/1) D:5           Sewer (visited)
 Bailey (1/1)
   Lair: D:8-11

Altars:
Ashenzari
Dithmenos
Elyvilon
Fedhas
Gozag
Hepliaklqana
Makhleb
Nemelex Xobeh
Okawaru
Ru
Sif Muna
Trog
Uskayaw
Vehumet
Wu Jian
Xom
Yredelemnul
Zin
The Shining One

Annotations:
D:3 Sigmund
D:6 exclusion: statue


Innate Abilities, Weirdness & Mutations

You cannot wear most types of armour.
You are very stealthy in the water. (Stealth+)
You are amphibious.
You can wear up to eight rings at the same time.
((You can use your tentacles to constrict eight enemies at once.))
((Your skin changes colour to match your surroundings (Stealth+).))
((Your rubbery body absorbs attacks. (AC +1, EV +1)))


Message History

The orc knight hits you with a +0 war axe!
You punch the orc knight! You freeze the orc knight.
The orc knight is heavily wounded.
The goblin hits you with a +3 hand axe.
The orc knight hits you with a +0 war axe!
A hobgoblin comes into view. It is wielding a +0 war axe.
You pummel the orc knight!! You freeze the orc knight!
The orc knight is almost dead.
The goblin pulls the alarm!
The alarm trap emits a blaring wail!
The mark upon you grows brighter. The goblin hits you with a +3 hand axe.
You feel yourself speed up.
A goblin comes into view. It is wielding a +0 war axe.
The orc knight hits you with a +0 war axe.
You hit the orc knight but do no damage.
The orc knight is almost dead.
The orc knight hits you with a +0 war axe!!
* * * LOW HITPOINT WARNING * * *
The goblin hits you with a +0 war axe!
You die...

###
##8##
##gYg##
#8go.8#
##.∩.##
##o##
≈.≈K
#≈g≈##


K≈g≈K ##≈.≈## .≈K You could see an orc knight, an orc warrior (strong), a
hobgoblin and 4 goblins.

Vanquished Creatures
  Grinder (D:5)
  Menkaure (D:4)
  A necrophage (D:7)
  2 ice beasts
  An ogre (D:6)
  2 sky beasts
  2 bullfrogs (D:7)
  A scorpion (D:4)
  A howler monkey (D:8)
  3 crimson imps
  A quasit (D:6)
  2 hounds
  3 orc priests
  A centaur skeleton (D:7)
  2 iguanas
  2 orc wizards
  6 worker ants
  A hound skeleton (D:7)
  Robin (D:4)
  3 gnolls (D:7)
  8 adders
  An ooze (D:4)
  An adder zombie (D:5)
  3 adder skeletons
  A worm (D:2)
  3 leopard geckos
  13 orcs
  2 giant cockroaches
  15 goblins
  9 hobgoblins
  14 jackals
  3 quokkas
  5 ball pythons
  7 bats
  7 frilled lizards
  11 kobolds
  A quokka skeleton (D:5)
  10 rats
  2 plants (Sewer)
153 creatures vanquished.

Vanquished Creatures (others)
  A plant (Sewer)
1 creature vanquished.

Grand Total: 154 creatures vanquished

Notes
Turn   | Place    | Note
-------+----------+-------------------------------------------
     0 | D:1      | shadizar the Octopode Transmuter began the quest for the
                  | Orb.
     0 | D:1      | Reached XP level 1. HP: 13/13 MP: 3/3
   189 | D:1      | Reached XP level 2. HP: 18/18 MP: 5/5
   877 | D:2      | Reached XP level 3. HP: 23/24 MP: 6/6
   951 | D:2      | Found a burning altar of Makhleb.
   974 | D:2      | Reached skill level 1 in Stealth
  1129 | D:2      | Reached XP level 4. HP: 23/30 MP: 5/7
  1396 | D:2      | Found a shimmering altar of Xom.
  1611 | D:3      | Noticed Sigmund
  1668 | D:4      | Reached skill level 4 in Unarmed Combat
  1668 | D:4      | Reached XP level 5. HP: 23/36 MP: 4/8
  1926 | D:4      | Noticed Menkaure
  1948 | D:4      | Found a glowing drain.
  1970 | Sewer    | Entered a sewer
  2975 | D:5      | Entered Level 5 of the Dungeon
  2975 | D:5      | Noticed Grinder
  2987 | D:5      | Killed Grinder
  2987 | D:5      | Reached XP level 6. HP: 20/43 MP: 4/9
  3314 | D:5      | Noticed a sky beast
  3324 | D:5      | Learned a level 3 spell: Spider Form
  3329 | D:5      | Learned a level 4 spell: Ice Form
  3376 | D:5      | Reached XP level 7. HP: 42/47 MP: 7/10
  3388 | D:5      | Reached skill level 5 in Unarmed Combat
  3472 | D:5      | Found a shattered altar of Ashenzari.
  3544 | D:5      | Reached skill level 5 in Stealth
  3544 | D:5      | Reached skill level 1 in Poison Magic
  3708 | D:5      | Found a staircase to the Ecumenical Temple.
  3744 | Temple   | Entered the Ecumenical Temple
  3896 | Temple   | Became a worshipper of Warmaster Okawaru
  4822 | D:6      | Found a white marble altar of Elyvilon.
  4828 | D:6      | Reached XP level 8. HP: 51/54 MP: 9/11
  4900 | D:6      | Reached * piety under Okawaru
  4900 | D:6      | Reached skill level 1 in Invocations
  5403 | D:6      | Found a radiant altar of Vehumet.
  5637 | D:4      | Killed Menkaure
  5843 | D:4      | Found a glowing golden altar of the Shining One.
  5877 | D:4      | Noticed Robin
  5882 | D:4      | Killed Robin
  6312 | D:7      | Reached skill level 5 in Fighting
  6504 | D:7      | Reached skill level 1 in Shields
  6520 | D:7      | Reached skill level 6 in Unarmed Combat
  6594 | D:7      | Found a hazy altar of Hepliaklqana.
  7008 | D:7      | Found a sacrificial altar of Ru.
  7163 | D:7      | Reached XP level 9. HP: 48/61 MP: 9/12
  7361 | D:7      | Reached ** piety under Okawaru
  7438 | D:7      | Found an ornate altar of the Wu Jian Council.
  7658 | D:8      | Found a flagged portal.
  7694 | Bailey   | Entered a bailey
  7710 | Bailey   | Noticed an orc knight
  7724 | Bailey   | Slain by a goblin

Illustrated notes

Levels and vault maps discovered:
D:1:      onia_arrival_pentagram, layout_basic
D:2:      layout_rooms, bloody_makhleb, lemuel_round_altar, first_ration
D:3:      layout_rooms, marbit_many_paths, cheibriados_altar_1, uniq_sigmund,
          uniq_natasha
D:4:      layout_basic, tso_metal_star, cheibrodos_sewer_entry_sluice,
          serial_glass, glass_columns_a, glass_columns_a, glass_columns_a,
          glass_columns_a, glass_columns_b, glass_columns_c,
          minmay_misc_feat_rows, uniq_robin, uniq_menkaure
D:5:      layout_gridville, overflow_temple_1_default,
          minmay_temple_entry_junction, uniq_grinder
D:6:      layout_loops_corners, vehumet_statue, elyvilon_altar_3
D:7:      layout_loops_ring, lemuel_coloured_pillars_altar, kennysheep_mini,
          lemuel_doored_altar
D:8:      layout_rooms, dpeg_lair_monsters, serial_shops, shop_fountains,
          enter_bailey_3, basic_altar
Temple:   jpeg_temple_alley_garden
Bailey:   bailey_axe_1, bailey

Skill      XL: |  1  2  3  4  5  6  7  8  9 |
---------------+----------------------------+-----
Fighting       | 2 3 4 5 |  5.2
Stealth        | 1 2 4 5 |  5.5
Unarmed Combat | 4 5 6 |  6.8
Dodging        | 3 4 |  4.5
Poison Magic   | 2 3 |  3.4
Invocations    | 2 |  2.1
Shields        | 3 4 |  4.1
Spellcasting   | |  2.0
Transmutations | |  2.0
Ice Magic      | |  0.2

Action                   |  1- 3 |  4- 6 |  7- 9 || total
-------------------------+-------+-------+-------++-------
Melee: Unarmed           |    79 |   119 |   238 ||   436
       Constrict         |    22 |    25 |    51 ||    98
       Tentacles         |    13 |    29 |    51 ||    93
       Kick              |       |     7 |     5 ||    12
       Punch             |       |     1 |     9 ||    10
 Cast: Beastly Appendage |       |     3 |     5 ||     8
       Spider Form       |       |       |     1 ||     1
       Ice Form          |       |       |     1 ||     1
Invok: Heroism           |       |       |     4 ||     4
  Use: Scroll            |       |    16 |     1 ||    17
       Potion            |       |       |     2 ||     2
 Stab: Sleeping          |     2 |    11 |    16 ||    29
       Distracted        |       |       |     1 ||     1
  Eat: Chunk             |     1 |     6 |    14 ||    21
Armor: Skin              |     8 |     6 |    10 ||    24
Dodge: Dodged            |    68 |    46 |   112 ||   226
Block: Buckler           |       |       |    12 ||    12
